 Dungeon Crawl Stone Soup version 0.31-a0-210-gccc998df9b (webtiles) character file.

Game seed: 3961072947043008886

259 qw the Shooter (level 5, -5/45 HPs)
             Began as a Minotaur Hexslinger on June 30, 2023.
             Slain by a phantom (6 damage)
             ... on level 4 of the Dungeon.
             The game lasted 00:01:19 (3321 turns).

qw the Shooter (Minotaur Hexslinger)                Turns: 3321, Time: 00:01:19

Health: -5/45      AC:  3    Str: 11    XL:     5   Next: 94%
Magic:  5/5        EV: 11    Int: 18    God:
Gold:   179        SH:  0    Dex: 12    Spells: 5/6 levels left

rFire   . . .        Y - +1 sling
rCold   + . .        (no shield)
rNeg    . . .        b - +0 leather armour
rPois   .            (helmet restricted)
rElec   .            (no cloak)
rCorr   .            (no gloves)
SInv    +            (no boots)
Will    .....        (no amulet)
Stlth   +            e - ring of see invisible
HPRegen 0.27/turn    f - ring of protection from cold
MPRegen 0.09/turn

%: no passive effects
@: about to teleport
A: horns 2, retaliatory headbutt, claws 1, clever 2
a: no special abilities


You were on level 4 of the Dungeon.
You visited 1 branch of the dungeon, and saw 4 of its levels.

You collected 179 gold pieces.


Innate Abilities, Weirdness & Mutations

You have a pair of horns on your head.
You reflexively headbutt those who attack you in melee.
You have sharp fingernails.
Your mind is very acute. (Int +8, Str/Dex -2)


   Skills:
 + Level 3.1 Fighting
 - Level 6.3 Ranged Weapons
 - Level 2.1 Dodging
 - Level 1.0 Spellcasting
 - Level 2.0 Hexes


You had 5 spell levels left.
You knew the following spells:

 Your Spells              Type           Power      Damage    Failure   Level
a - Slow                  Hex            32%        N/A       12%         1

Your spell library contained the following spells:

 Spells                   Type           Power      Damage    Failure   Level
 Inner Flame              Hex/Fire       4%         N/A       45%         3
 Portal Projectile        Hex/Tloc       8%         N/A       45%         3
 Cause Fear               Hex            4%         N/A       75%         4

Inventory:

Hand Weapons
 Y - a +1 sling (weapon)
Armour
 b - a +0 leather armour (worn)
Jewellery
 e - a ring of see invisible (left claw)
 f - a ring of protection from cold (right claw)
Scrolls
 g - 2 scrolls of identify
Potions
 a - 2 potions of curing
 c - a potion of enlightenment {unknown}
 d - 2 potions of haste
 k - 2 potions of cancellation

Dungeon Overview and Level Annotations

Branches:
Dungeon (4/15)
 Temple: D:4-7

Altars:


Message History

Enter note:
Enter note: You shoot a sling bullet.
The sling bullet misses the phantom.
The phantom hits you.
You shoot a sling bullet. The sling bullet hits the phantom.
The phantom is heavily damaged.
The phantom hits you.
The phantom blinks!
You blink.
The phantom hits you!
Enter note:
Enter note:
Enter note:
Enter note: You shoot a sling bullet.
The sling bullet hits the phantom!
The phantom is almost destroyed.
The phantom closely misses you.
You shoot a sling bullet.
The sling bullet barely misses the phantom.
The phantom hits you but does no damage.
You shoot a sling bullet. The sling bullet hits the phantom.
The phantom is almost destroyed.
The phantom hits you.
The phantom blinks!
You blink.
Enter note:
Enter note:
Enter note:
Enter note: You shoot a sling bullet.
The sling bullet closely misses the phantom.
The phantom hits you.
3320 ||| READING scroll of teleportation.
As you read the scroll of teleportation, it crumbles to dust.
You feel strangely unstable. The phantom hits you.
The phantom blinks!
You blink.
A phantom comes into view.
Enter note:
Enter note:
Enter note:
Enter note: You shoot a sling bullet.
The sling bullet barely misses the phantom.
The phantom hits you.
You die...

...#.###.## #.#
########
.............
...####.#
#.......
..<#.###.....
........#
#.###### #.##.#
#.###.. ######.#
#.# #> #.# #..
...##.# #.# #.
#.#
#..####.##.###.#
#. #.#
#.W#...........#
.. ...
#....W.....#####
#. .#
#.#@#..###.###
.. #.?...ยค# ...
......#..###.###
########.#...##
#.##.## #. #.#
#. #. #. ##


You could see 2 phantoms.

Vanquished Creatures
  An ogre (D:4)
  An iguana (D:3)
  2 gnolls (D:3)
  4 adders
  5 worms
  4 dart slugs
  An orc (D:3)
  3 bats
  4 endoplasms
  5 giant cockroaches (D:1)
  7 goblins
  6 hobgoblins
  3 jackals (D:1)
  5 quokkas (D:3)
  8 ball pythons
  5 frilled lizards
  8 kobolds
  6 rats
78 creatures vanquished.

Notes
Turn   | Place    | Note
-------+----------+-------------------------------------------
     0 | D:1      | qw the Minotaur Hexslinger began the quest for the Orb.
     0 | D:1      | Reached XP level 1. HP: 16/16 MP: 1/1
     0 | D:1      | 0 ||| qw: Version: 0.3-a-26-gee661ec
     0 | D:1      | 0 ||| qw: Game counter: 7178
     0 | D:1      | 0 ||| qw: Melee chars always use a shield: true
     0 | D:1      | 0 ||| qw: God list: Okawaru
     0 | D:1      | 0 ||| qw: Allow faded altars: false
     0 | D:1      | 0 ||| qw: Do Orc after clearing Dungeon:15 true
     0 | D:1      | 0 ||| qw: Do second Lair branch before Depths: true
     0 | D:1      | 0 ||| qw: Lair rune preference: random
     0 | D:1      | 0 ||| qw: Goals: Normal
     0 | D:1      | 0 ||| PLANNING D:1-11
    40 | D:1      | 40 ||| FLEEEEING.
    41 | D:1      | 41 ||| FLEEEEING.
   143 | D:1      | Reached skill level 3 in Ranged Weapons
   143 | D:1      | Reached XP level 2. HP: 23/23 MP: 2/2
   157 | D:1      | 157 ||| FLEEEEING.
   158 | D:1      | 158 ||| FLEEEEING.
   159 | D:1      | 159 ||| FLEEEEING.
   160 | D:1      | 160 ||| FLEEEEING.
   161 | D:1      | 161 ||| FLEEEEING.
   162 | D:1      | 162 ||| FLEEEEING.
   163 | D:1      | 163 ||| FLEEEEING.
   164 | D:1      | 164 ||| FLEEEEING.
   165 | D:1      | 165 ||| FLEEEEING.
   166 | D:1      | 166 ||| FLEEEEING.
   167 | D:1      | 167 ||| FLEEEEING.
   168 | D:1      | 168 ||| FLEEEEING.
   169 | D:1      | 169 ||| FLEEEEING.
   170 | D:1      | 170 ||| FLEEEEING.
   171 | D:1      | 171 ||| FLEEEEING.
   172 | D:1      | 172 ||| FLEEEEING.
   173 | D:1      | 173 ||| FLEEEEING.
   174 | D:1      | 174 ||| FLEEEEING.
   175 | D:1      | 175 ||| FLEEEEING.
   176 | D:1      | 176 ||| FLEEEEING.
   177 | D:1      | 177 ||| FLEEEEING.
   178 | D:1      | 178 ||| FLEEEEING.
   179 | D:1      | 179 ||| FLEEEEING.
   180 | D:1      | 180 ||| FLEEEEING.
   181 | D:1      | 181 ||| FLEEEEING.
   182 | D:1      | 182 ||| FLEEEEING.
   183 | D:1      | 183 ||| FLEEEEING.
   185 | D:1      | 185 ||| FLEEEEING.
   186 | D:1      | 186 ||| FLEEEEING.
   187 | D:1      | 187 ||| FLEEEEING.
   188 | D:1      | 188 ||| FLEEEEING.
   189 | D:1      | 189 ||| FLEEEEING.
   190 | D:1      | 190 ||| FLEEEEING.
   191 | D:1      | 191 ||| FLEEEEING.
   192 | D:1      | 192 ||| FLEEEEING.
   193 | D:1      | 193 ||| FLEEEEING.
   194 | D:1      | 194 ||| FLEEEEING.
   195 | D:1      | 195 ||| FLEEEEING.
   196 | D:1      | 196 ||| FLEEEEING.
   197 | D:1      | 197 ||| FLEEEEING.
   199 | D:1      | 199 ||| FLEEEEING.
   200 | D:1      | 200 ||| FLEEEEING.
   202 | D:1      | 202 ||| FLEEEEING.
   203 | D:1      | 203 ||| FLEEEEING.
   329 | D:1      | Reached XP level 3. HP: 29/29 MP: 3/3
   333 | D:1      | Found a faded altar of an unknown god.
   651 | D:1      | 651 ||| UPGRADING to ring of see invisible.
   652 | D:1      | 652 ||| UPGRADING to ring of protection from cold.
   653 | D:1      | 653 ||| READING scroll labelled WIFAEC PYFUSUV.
   654 | D:1      | 654 ||| DRINKING 2 white potions.
   655 | D:1      | 655 ||| DROPPING scroll of poison.
   695 | D:2      | Reached skill level 4 in Ranged Weapons
   959 | D:2      | Identified the +5 scale mail of the Planets {Rampage Drain
                  | rN+ Int+4}
  1388 | D:2      | Reached XP level 4. HP: 36/36 MP: 4/4
  1587 | D:2      | 1587 ||| UPGRADING to +0 leather armour.
  1597 | D:2      | 1597 ||| DROPPING +0 robe.
  1598 | D:2      | 1598 ||| READING scroll labelled MUYCET MAUN.
  1602 | D:2      | 1602 ||| DRINKING 2 fizzy dark potions.
  1603 | D:2      | 1603 ||| DRINKING 2 sedimented dark potions.
  1603 | D:2      | Gained mutation: You occasionally lose the ability to drink
                  | potions when taking damage. [potion of mutation]
  1604 | D:2      | 1604 ||| DRINKING potion of mutation.
  1604 | D:2      | Lost mutation: You occasionally lose the ability to drink
                  | potions when taking damage. [potion of mutation]
  1604 | D:2      | Gained mutation: You have sharp fingernails. [potion of
                  | mutation]
  1604 | D:2      | Gained mutation: Your mind is acute. (Int +4, Str/Dex -1)
                  | [potion of mutation]
  1604 | D:2      | Gained mutation: Your mind is very acute. (Int +8, Str/Dex
                  | -2) [potion of mutation]
  1605 | D:2      | 1605 ||| DRINKING 3 silvery potions.
  1606 | D:2      | 1606 ||| READING 2 scrolls of identify.
  1606 | D:2      | 1606 ||| IDENTIFYING metallic yellow potion
  1607 | D:2      | 1607 ||| DROPPING 2 potions of brilliance.
  2200 | D:3      | 2200 ||| Stepping ~*~*~tactically~*~*~ (outnumbered).
  2206 | D:3      | Reached skill level 5 in Ranged Weapons
  2209 | D:3      | HP: 9/36 [gnoll/+0 spear (8)]
  2609 | D:3      | 2609 ||| DROPPING +6 ring of intelligence.
  2610 | D:3      | 2610 ||| READING scroll labelled WINKOO DORINA.
  2611 | D:3      | 2611 ||| READING scroll labelled TOURIMATES.
  2786 | D:4      | Reached skill level 3 in Fighting
  2786 | D:4      | Reached XP level 5. HP: 34/45 MP: 5/5
  2789 | D:4      | 2789 ||| FLEEEEING.
  2790 | D:4      | 2790 ||| FLEEEEING.
  2791 | D:4      | 2791 ||| FLEEEEING.
  2792 | D:4      | 2792 ||| FLEEEEING.
  2793 | D:4      | 2793 ||| FLEEEEING.
  2794 | D:4      | 2794 ||| FLEEEEING.
  2795 | D:4      | 2795 ||| FLEEEEING.
  2796 | D:4      | 2796 ||| FLEEEEING.
  2797 | D:4      | 2797 ||| FLEEEEING.
  2798 | D:4      | 2798 ||| FLEEEEING.
  2799 | D:4      | 2799 ||| FLEEEEING.
  2800 | D:4      | 2800 ||| FLEEEEING.
  2801 | D:4      | 2801 ||| FLEEEEING.
  2802 | D:4      | 2802 ||| FLEEEEING.
  2803 | D:4      | 2803 ||| FLEEEEING.
  2804 | D:4      | 2804 ||| FLEEEEING.
  2805 | D:4      | 2805 ||| FLEEEEING.
  2806 | D:4      | 2806 ||| FLEEEEING.
  2807 | D:4      | 2807 ||| FLEEEEING.
  2808 | D:4      | 2808 ||| FLEEEEING.
  2809 | D:4      | 2809 ||| FLEEEEING.
  2810 | D:4      | 2810 ||| FLEEEEING.
  2811 | D:4      | 2811 ||| FLEEEEING.
  2812 | D:4      | 2812 ||| FLEEEEING.
  2813 | D:4      | 2813 ||| FLEEEEING.
  2814 | D:4      | 2814 ||| FLEEEEING.
  2815 | D:4      | 2815 ||| FLEEEEING.
  2816 | D:4      | 2816 ||| FLEEEEING.
  2817 | D:4      | 2817 ||| FLEEEEING.
  2818 | D:4      | 2818 ||| FLEEEEING.
  2819 | D:4      | 2819 ||| FLEEEEING.
  2820 | D:4      | 2820 ||| FLEEEEING.
  2821 | D:4      | 2821 ||| FLEEEEING.
  2822 | D:4      | 2822 ||| STAIRDANCE
  2890 | D:4      | 2890 ||| STAIRDANCE
  3081 | D:4      | Noticed an ogre
  3087 | D:4      | Killed an ogre
  3088 | D:4      | Reached skill level 6 in Ranged Weapons
  3299 | D:4      | Noticed a phantom
  3319 | D:4      | HP: 6/45 [phantom (6)]
  3320 | D:4      | 3320 ||| READING scroll of teleportation.
  3320 | D:4      | HP: 1/45 [phantom (5)]
  3320 | D:4      | Noticed a phantom
  3321 | D:4      | Slain by a phantom

Levels and vault maps discovered:
D:1:      minmay_arrival_jagged, layout_rooms, basic_ecumenical_altar,
          st_stairs_2, minivault_19, minmay_tetromino_t4
D:2:      layout_loops_corners
D:3:      wad_woods_tower, layout_basic
D:4:      layout_loops_ring

Skill      XL: |  1  2  3  4  5 |
---------------+----------------+-----
Ranged Weapons | 3 4 5 6 |  6.3
Fighting       | 2 3 |  3.1
Dodging        | |  2.1
Spellcasting   | |  1.0
Hexes          | |  2.0

Action                     |  1- 3 |  4- 6 || total
---------------------------+-------+-------++-------
   Fire: Sling             |   120 |   128 ||   248
    Use: Scroll            |     1 |     5 ||     6
         Potion            |     1 |     4 ||     5
 Armour: Robe              |     8 |       ||     8
         Leather armour    |       |     6 ||     6
  Dodge: Dodged            |    38 |    36 ||    74

Table legend:
 A = Non-vault XP
 B = Vault XP
 C = Vault XP percentage of total XP
 D = Non-vault monster count
 E = Vault monster count
 F = Vault count percentage of total count
                 A         B        C        D         E       F
            +---------+---------+-------+---------+---------+-------
      Total |     324 |      46 |  12.4 |      67 |      11 |  14.1
            +---------+---------+-------+---------+---------+-------
        D:1 |      48 |       9 |  15.8 |      27 |       5 |  15.6
        D:2 |      52 |       0 |   0.0 |      13 |       0 |   0.0
        D:3 |      57 |      37 |  39.4 |      12 |       6 |  33.3
        D:4 |     167 |       0 |   0.0 |      15 |       0 |   0.0
            +---------+---------+-------+---------+---------+-------
